 Dungeon Crawl Stone Soup version 0.22-a0-274-gf8199ec (webtiles) character file.

3676 EvilAshe the Frost Mage (level 9, 0/68 HPs)
             Began as a Demigod Ice Elementalist on Mar 14, 2018.
             Slain by a soldier ant (12 damage)
             ... on level 8 of the Dungeon.
             The game lasted 00:33:37 (10528 turns).

EvilAshe the Frost Mage (Demigod Ice Elementalist) Turns: 10528, Time: 00:33:38

Health: 0/68       AC:  2    Str: 11    XL:     9   Next: 59%
Magic:  2/18       EV: 17    Int: 25    God:
Gold:   391        SH:  0    Dex: 16    Spells: 9/16 levels left

rFire    . . .     SeeInvis +   d - +1 short sword (venom)
rCold    . . .     Gourm    .   (no shield)
rNeg     . . .     Faith    .   y - +0 robe of Light {rElec Slay+3}
rPois    .         Spirit   .   (no helmet)
rElec    +         Reflect  .   (no cloak)
rCorr    .         Harm     .   (no gloves)
MR       .....                  (no boots)
Stlth    ++........             (no amulet)
HPRegen  0.21/turn              w - +5 ring of slaying
MPRegen  0.16/turn              z - ring of see invisible

@: lethally poisoned (0 -> 0), very slightly contaminated
A: high mp 1
a: no special abilities


You were on level 8 of the Dungeon.
You were very hungry.

You visited 1 branch of the dungeon, and saw 8 of its levels.

You collected 391 gold pieces.

Inventory:

Hand Weapons
 d - a +1 short sword of venom (weapon)
Missiles
 h - 198 stones
 j - 3 javelins (quivered)
Armour
 a - a +0 robe
 c - a +2 robe of magic resistance
 i - a +0 shield
 k - a +1 leather armour of cold resistance
 y - the +0 robe of Light (worn) {rElec Slay+3}
   (You found it on level 5 of the Dungeon)

   It affects your accuracy and damage with ranged weapons and melee attacks
   (+3).
   It insulates you from electricity.
Jewellery
 w - a +5 ring of slaying (left hand)
 z - a ring of see invisible (right hand)
Wands
 o - a wand of enslavement (29)
 D - a wand of iceblast (10)
 F - a wand of acid (11)
Scrolls
 f - a scroll of immolation {unknown}
 g - a scroll of enchant armour {unknown}
 n - 3 scrolls of teleportation
 r - a scroll of enchant weapon
 t - a scroll of blinking {unknown}
 v - 3 scrolls of remove curse
 x - a scroll of fog {unknown}
 A - a scroll of random uselessness {unknown}
 B - 3 scrolls of magic mapping
 C - a scroll of brand weapon {unknown}
Potions
 e - a potion of berserk rage {unknown}
 l - a potion of lignification {unknown}
 m - 2 potions of haste
 q - a potion of might
 s - a potion of resistance {unknown}
 E - a potion of heal wounds {unknown}
Comestibles
 p - 2 chunks of flesh
 u - 4 rations


   Skills:
 + Level 2.9 Fighting
 + Level 6.8 Dodging
 - Level 1.7 Stealth
 + Level 2.3 Shields
 + Level 4.2 Spellcasting
 - Level 0.8 Conjurations
 - Level 4.0 Summonings
 - Level 9.0 Ice Magic


You had 9 spell levels left.
You knew the following spells:

 Your Spells              Type           Power        Failure   Level  Hunger
a - Freeze                Ice            ####         1%          1    None
s - Summon Ice Beast      Ice/Summ       #####...     6%          4    ####...
t - Throw Frost           Conj/Ice       ####..       1%          2    None


Dungeon Overview and Level Annotations

Branches:
Dungeon (8/15)               Lair (0/6) D:8
 Temple: D:4-7


Innate Abilities, Weirdness & Mutations

You have an increased reservoir of magic. (+10% MP)


Message History

You closely miss the soldier ant. The soldier ant misses you.
Your ice beast hits the soldier ant but does no damage.
Casting: Summon Ice Beast (safe; 6% risk of failure)
Confirm with . or Enter, or press ? or * to list all spells.
Aiming: Freeze (safe; 1% risk of failure)
Press: ? - help, Shift-Dir - straight line, f - soldier ant
Aim: a soldier ant You freeze the soldier ant.
The soldier ant is moderately wounded.
The soldier ant closely misses you.
Your ice beast closely misses the soldier ant.
Casting: Freeze (safe; 1% risk of failure)
Confirm with . or Enter, or press ? or * to list all spells.
Aiming: Freeze (safe; 1% risk of failure)
Press: ? - help, Shift-Dir - straight line, f/p - soldier ant
Aim: a soldier ant (moderately wounded)
You freeze the soldier ant.
The soldier ant is heavily wounded.
You feel sick. The soldier ant stings you!
You die...

,,,,,,∩,,,,,,,,.......,,* #......
,,**,,,,,,,,,**,.....,,,* #......
,***,,,,,,,,,**,,...,,,,* ####.##
,* *,,,,,,,,,****#.####** #.# ,*
*********** ##.##.#,*****#.#
,********* ####....#.#,*,,*#.#
,,,,,,,,,* #...Y.##.#.#+,,*#.##
,,,,,,,,,* #..a#.#,#.#a#####.##
,,,,,,,,,* #..@#.#######...#.##
,,,,,,,,,****#...#......#..(.#.##
,,,,,,,,,,,.............'......##
*,,,,,,,,*########......#....###
*,,,,,,,,* #......#....#
********** ########....# #....#
#....# #....#


You could see a soldier ant and a friendly ice beast.

Vanquished Creatures
  A hornet (D:8)
  A hippogriff (D:7)
  6 yaks
  A porcupine (D:8)
  Duvessa (D:4)
  2 black bears
  A sky beast (D:8)
  A centaur (D:7)
  3 bullfrogs
  Dowan (D:4)
  2 scorpions
  4 crimson imps
  An iron imp (D:7)
  4 orc priests
  A centaur skeleton (D:4)
  2 hounds
  Jessica (D:3)
  6 orc wizards
  Natasha (thrice) (D:3)
  3 iguanas
  7 worker ants
  A hound skeleton (D:4)
  2 hound zombies
  A worker ant zombie (D:7)
  A howler monkey zombie (D:6)
  9 gnolls
  7 adders
  3 shadow imps
  2 oozes
  2 adder skeletons
  5 worms
  5 dart slugs
  7 leopard geckos
  36 orcs
  3 ball pythons
  9 giant cockroaches
  8 goblins
  5 hobgoblins
  3 jackals (D:2)
  7 quokkas
  9 bats
  8 frilled lizards
  A jackal skeleton (D:6)
  9 kobolds
  A leopard gecko zombie (D:6)
  2 quokka zombies
  9 rats
207 creatures vanquished.

Vanquished Creatures (collateral kills)
  An orc warrior (D:7)
  A black bear (D:8)
  An ogre (D:6)
  A crocodile (D:8)
  A gnoll sergeant (D:8)
  A jelly (D:7)
  A gnoll (D:8)
  An orc (D:6)
8 creatures vanquished.

Vanquished Creatures (others)
  A hound skeleton (D:7)
  2 fungi (D:8)
  A plant (D:3)
4 creatures vanquished.

Grand Total: 219 creatures vanquished

Notes
Turn   | Place    | Note
-------+----------+-------------------------------------------
     0 | D:1      | EvilAshe the Demigod Ice Elementalist began the quest for the Orb.
     0 | D:1      | Reached XP level 1. HP: 14/14 MP: 5/5
   106 | D:1      | Reached skill level 3 in Ice Magic
   197 | D:1      | Reached XP level 2. HP: 16/20 MP: 1/7
  1100 | D:2      | Reached XP level 3. HP: 20/26 MP: 3/8
  1166 | D:2      | Learned a level 2 spell: Throw Frost
  1754 | D:3      | Reached skill level 4 in Ice Magic
  1986 | D:3      | Noticed Jessica
  1997 | D:3      | Killed Jessica
  1997 | D:3      | Reached XP level 4. HP: 31/33 MP: 6/9
  2403 | D:3      | Noticed Natasha
  2413 | D:3      | Killed Natasha
  2934 | D:3      | Noticed Natasha
  2984 | D:3      | Killed Natasha
  2984 | D:3      | Reached XP level 5. HP: 19/38 MP: 4/10
  3971 | D:3      | Noticed Natasha
  3978 | D:3      | Killed Natasha
  3978 | D:3      | Reached skill level 5 in Ice Magic
  4392 | D:4      | Reached XP level 6. HP: 45/45 MP: 4/11
  4453 | D:4      | Learned a level 4 spell: Summon Ice Beast
  4642 | D:4      | Reached skill level 1 in Summonings
  4661 | D:4      | Reached skill level 6 in Ice Magic
  5055 | D:4      | Noticed Dowan
  5215 | D:4      | Noticed Duvessa
  5238 | D:4      | Killed Duvessa
  5238 | D:4      | Reached XP level 7. HP: 37/50 MP: 1/12
  5255 | D:4      | Killed Dowan
  5722 | D:5      | Entered Level 5 of the Dungeon
  6152 | D:5      | Got a silken robe
  6279 | D:5      | Reached skill level 7 in Ice Magic
  6933 | D:6      | Reached skill level 5 in Dodging
  6956 | D:6      | Reached XP level 8. HP: 57/57 MP: 13/13
  7604 | D:6      | Reached skill level 8 in Ice Magic
  8184 | D:7      | Noticed a hippogriff
  8216 | D:7      | Killed a hippogriff
  8311 | D:7      | Reached XP level 9. HP: 35/62 MP: 10/17
  8538 | D:7      | Found a snail-covered altar of Cheibriados.
  8837 | D:7      | Reached skill level 1 in Fighting
  8837 | D:7      | Reached skill level 9 in Ice Magic
  9738 | D:8      | Identified the cursed +0 robe of Light {rElec Slay+3} (You found it on level 5 of the Dungeon)
 10041 | D:8      | Reached skill level 1 in Shields
 10528 | D:8      | Slain by a soldier ant

Vault maps used:
D:1:      dpeg_arrival_court
D:2:      grunt_ministairs_14
D:3:      lexackson_kobold_supper, uniq_natasha, uniq_jessica
D:4:      uniq_duvessa
D:5:      temple_fountains, first_ration, kennysheep_generic_room_4
D:6:      st_stairs_7, minmay_misc_feat_encased
D:7:      slow_altar_1, grunt_ministairs_8
D:8:      grunt_lair_entry_orc_guard_hut, serial_shops, shop,
          hangedman_pestilent_swarm, nrook_pool_corridor

Skill      XL: |  1  2  3  4  5  6  7  8  9 |
---------------+----------------------------+-----
Dodging        | 2 3 4 5 6 |  6.8
Ice Magic      | 3 4 5 6 7 8 9 |  9.0
Summonings     | 2 3 4 |  4.0
Spellcasting   | 3 4 |  4.2
Fighting       | 2 |  2.9
Shields        | 2 |  2.3
Stealth        | |  1.7
Conjurations   | |  0.8

Action                   |  1- 3 |  4- 6 |  7- 9 || total
-------------------------+-------+-------+-------++-------
Melee: Unarmed           |     2 |       |       ||     2
       Short sword       |    39 |   110 |   182 ||   331
Throw: Javelin           |       |     7 |    25 ||    32
 Cast: Freeze            |    62 |    76 |   116 ||   254
       Throw Frost       |     1 |    26 |    55 ||    82
       Summon Ice Beast  |       |       |     9 ||     9
  Use: Potion            |       |       |     2 ||     2
       Scroll            |       |       |     6 ||     6
 Stab: Sleeping          |    10 |     7 |     2 ||    19
       Distracted        |       |       |     1 ||     1
  Eat: Chunk             |     4 |     9 |    17 ||    30
       Ration            |       |     1 |     1 ||     2
Armor: Robe              |    14 |    19 |    35 ||    68
Dodge: Dodged            |    44 |   106 |   202 ||   352

Table legend:
 A = Spawn XP
 B = Non-spawn XP
 C = Spawn XP percentage of total XP
 D = Spawn monster count
 E = Non-spawn monster count
 F = Spawn count percentage of total count
 G = Total turns spent on level
                    A         B        C        D         E        F      G
               +---------+---------+-------+---------+---------+-------+---------
         Total |       0 |    5252 |   0.0 |       0 |     216 |   0.0 | 10528
               +---------+---------+-------+---------+---------+-------+---------
           D:1 |       0 |      44 |   0.0 |       0 |      25 |   0.0 |  1072
           D:2 |       0 |      33 |   0.0 |       0 |      17 |   0.0 |   765
           D:3 |       0 |     229 |   0.0 |       0 |      38 |   0.0 |  2262
           D:4 |       0 |     807 |   0.0 |       0 |      45 |   0.0 |  1645
           D:5 |       0 |     299 |   0.0 |       0 |      17 |   0.0 |   784
           D:6 |       0 |    1334 |   0.0 |       0 |      26 |   0.0 |  1592
           D:7 |       0 |    1367 |   0.0 |       0 |      30 |   0.0 |  1598
           D:8 |       0 |    1139 |   0.0 |       0 |      18 |   0.0 |   810
               +---------+---------+-------+---------+---------+-------+---------
